[Event "Titled Tuesday Blitz April 25 Late 2023"]
[White "Shapiro, Viktor"]
[Black "Smith, Garrett L"]
[WhiteFideId "4175700"]
[BlackFideId "2024829"]
[WhiteElo "2152"]
[BlackElo "2047"]
[Result "0-1"]
[Round "04"]
[TimeControl "180+2"]
[Date "2023.04.25"]
[WhiteClock "0:00:08"]
[BlackClock "0:00:11"]

1. c4 c5 2. Nc3 Nc6 3. g3 e5 4. Bg2 Nf6 5. e3 d6 6. Nge2 Be6 7. Nd5 Be7 8. Nec3 O-O 9. d3 a6 10. O-O Rb8 11. a4 Nb4 12. h3 Nfxd5 13. cxd5 Bd7 14. f4 Qc8 15. g4 b5 16. axb5 axb5 17. fxe5 dxe5 18. Qe2 c4 19. dxc4 bxc4 20. Rd1 Bc5 21. Kh1 Nd3 22. Be4 f5 23. Bxd3 cxd3 24. Qxd3 fxg4 25. Qe4 gxh3 26. Qxe5 Bg4 27. Rg1 Rb6 28. Ne4 Rg6 29. Kh2 Re8 30. Qf4 Rxe4 31. Qxe4 Bd6+ 32. Kh1 Bf5 33. Qf3 Rf6 34. e4 Bg6 35. Qg4 Qc2 36. Qxh3 Bxe4+ 37. Rg2 Rf1# 0-1


[Site "https://www.chess.com"]

[Event "Titled Tuesday Blitz April 25 Late 2023"]
[White "Bulgurlu, Okan"]
[Black "Seletsky, Grigory"]
[WhiteFideId "6352316"]
[BlackFideId "14112191"]
[WhiteElo "1908"]
[BlackElo "2490"]
[Result "0-1"]
[Round "04"]
[TimeControl "180+2"]
[Date "2023.04.25"]
[WhiteClock "0:00:06"]
[BlackClock "0:00:55"]

1. d4 d5 2. Bf4 Nf6 3. Nf3 Bf5 4. e3 e6 5. Nbd2 Bd6 6. Ne5 Nfd7 7. Ndf3 f6 8. Nxd7 Nxd7 9. Bxd6 cxd6 10. Bd3 Be4 11. Bxe4 dxe4 12. Nd2 f5 13. O-O O-O 14. f3 exf3 15. Qxf3 d5 16. c4 Nf6 17. Rac1 Rc8 18. cxd5 Qxd5 19. Qxd5 Nxd5 20. e4 Ne3 21. Rfe1 Nc2 22. Rf1 Nxd4 23. Rxc8 Rxc8 24. exf5 exf5 25. Nf3 Nxf3+ 26. Rxf3 Rc1+ 27. Kf2 Rc2+ 28. Kg3 Rxb2 29. a3 g6 30. Kh3 a5 31. g3 a4 32. Rf4 b5 33. Rd4 Rb3 34. Rd5 Kf7 35. Rd7+ Ke6 36. Rb7 Kd5 37. Kh4 Kc6 38. Rb8 Rxa3 39. Kg5 Ra2 40. h4 Rg2 41. Kf4 a3 42. Ra8 a2 43. Kf3 Rc2 44. Ke3 b4 45. Kd3 b3 46. Rc8+ Kb5 47. Rb8+ Ka4 48. Ra8+ Kb4 49. Ra7 Rc1 50. Kd2 a1=Q 51. Rb7+ Ka3 52. Ra7+ Kb2 0-1


[Site "https://www.chess.com"]

[Event "Titled Tuesday Blitz April 25 Late 2023"]
[White "Kraus, Tomas"]
[Black "Womacka, Mathias"]
[WhiteFideId "331708"]
[BlackFideId "4611390"]
[WhiteElo "2389"]
[BlackElo "2377"]
[Result "0-1"]
[Round "04"]
[TimeControl "180+2"]
[Date "2023.04.25"]
[WhiteClock "0:00:01"]
[BlackClock "0:01:07"]

1. d4 Nf6 2. c4 e6 3. Nf3 Bb4+ 4. Nc3 c5 5. dxc5 O-O 6. Bg5 h6 7. Bh4 Qa5 8. Bxf6 gxf6 9. Qd2 Bxc3 10. bxc3 Kg7 11. h4 Qxc5 12. Rh3 Nc6 13. Rg3+ Kh7 14. Qd3+ f5 15. Rd1 Rg8 16. Rxg8 Kxg8 17. e4 Ne5 18. Nxe5 Qxe5 19. Qd4 Qxd4 20. Rxd4 fxe4 21. Rxe4 b6 22. Rd4 Kf8 23. g3 Ke7 24. Bg2 Rb8 25. Kd2 Bb7 26. Bxb7 Rxb7 27. Rg4 Rc7 28. Kc2 Rc5 29. Kb3 Rf5 30. f4 h5 31. Rg8 Rf6 32. Rg5 Rg6 33. Kc2 Kf6 0-1


[Site "https://www.chess.com"]

[Event "Titled Tuesday Blitz April 25 Late 2023"]
[White "Garmash, Aliona"]
[Black "Jovic, Stanoje"]
[WhiteFideId "34127620"]
[BlackFideId "905020"]
[WhiteElo "1959"]
[BlackElo "2236"]
[Result "1-0"]
[Round "04"]
[TimeControl "180+2"]
[Date "2023.04.25"]
[WhiteClock "0:00:09"]
[BlackClock "0:00:08"]

1. d4 Nf6 2. c4 e6 3. Nf3 b6 4. g3 Ba6 5. Qc2 d5 6. cxd5 exd5 7. Bg2 Bb4+ 8. Nc3 O-O 9. O-O Re8 10. Re1 c5 11. Bd2 Nc6 12. dxc5 bxc5 13. a3 Bxc3 14. Bxc3 d4 15. Bd2 c4 16. Qa4 Qb6 17. Bf4 Bb5 18. Qc2 Rad8 19. Nd2 Rxe2 20. Rxe2 d3 21. Nxc4 dxc2 22. Nxb6 Rd1+ 23. Re1 Rxa1 24. Rxa1 axb6 25. Bxc6 Bxc6 26. Re1 h6 27. Bc1 g5 28. Re3 Kh7 29. Rc3 Be4 30. f3 Bg6 31. Kf2 Nd5 32. Rc6 b5 33. Rc5 Nb6 34. Rxb5 Nc4 35. Rc5 Nb6 36. b3 Nd7 37. Rc3 Nb6 38. a4 Nd5 39. Rc4 Nb6 40. Rd4 Na8 41. a5 Nc7 42. Rd6 Nb5 43. Rb6 Nc3 44. a6 Na2 45. Bd2 c1=Q 46. Bxc1 Nxc1 47. a7 Nd3+ 48. Ke3 Ne1 49. a8=Q Nc2+ 50. Kd2 Nd4 51. Rb8 h5 52. Rh8+ Kg7 53. Qf8+ Kf6 54. Qd6+ Ne6 55. b4 g4 56. fxg4 hxg4 57. Re8 Kf5 58. Rxe6 fxe6 59. Qf4# 1-0


[Site "https://www.chess.com"]

[Event "Titled Tuesday Blitz April 25 Late 2023"]
[White "Stanisz, Patryk"]
[Black "Le Goff, Ronan"]
[WhiteFideId "1123106"]
[BlackFideId "612073"]
[WhiteElo "2069"]
[BlackElo "2275"]
[Result "0-1"]
[Round "04"]
[TimeControl "180+2"]
[Date "2023.04.25"]
[WhiteClock "0:00:08"]
[BlackClock "0:00:15"]

1. d4 Nf6 2. c4 e6 3. Nc3 Bb4 4. e3 O-O 5. Ne2 c6 6. a3 Ba5 7. b4 Bc7 8. Ng3 d5 9. Bb2 a5 10. b5 e5 11. cxd5 cxd5 12. dxe5 Bxe5 13. Be2 Be6 14. O-O Nbd7 15. Na4 Bd6 16. Bd3 Ng4 17. h3 Bxg3 18. fxg3 Nxe3 19. Qh5 h6 20. Rf3 Nc4 21. Bd4 Qg5 22. Qxg5 hxg5 23. g4 Nde5 24. Bxc4 Nxf3+ 25. gxf3 dxc4 26. Nc5 Bd5 27. Kf2 Rfe8 28. Rc1 Rad8 29. Be3 b6 30. Na4 Bb7 31. Nxb6 Rd3 32. Nxc4 Bd5 33. Bxg5 Rc8 34. b6 Rxc4 35. Rxc4 Bxc4 36. Be7 Rd7 37. Bc5 Ba6 38. Ke3 Bb7 39. f4 f6 40. f5 Kf7 41. a4 Rd5 42. h4 Rxc5 43. g5 fxg5 44. h5 Rxf5 45. h6 gxh6 46. Kd4 Rd5+ 47. Kc4 Ke6 48. Kc3 Kd6 49. Kc4 Kc6 50. Kc3 Kxb6 51. Kb3 Kc6 52. Ka3 Rf5 0-1


[Site "https://www.chess.com"]

[Event "Titled Tuesday Blitz April 25 Late 2023"]
[White "Botez, Alexandra"]
[Black "ArtemDyachuk"]
[WhiteFideId "2603365"]
[WhiteElo "2059"]
[BlackElo "2440"]
[Result "0-1"]
[Round "04"]
[TimeControl "180+2"]
[Date "2023.04.25"]
[WhiteClock "0:00:06"]
[BlackClock "0:00:09"]

1. d4 Nf6 2. c4 e6 3. Nf3 b6 4. Bd2 Bb7 5. Nc3 d5 6. e3 Be7 7. cxd5 exd5 8. Bd3 O-O 9. O-O c5 10. h3 Nc6 11. Rc1 c4 12. Bb1 a6 13. a4 Na5 14. Bc2 Bd6 15. Ra1 Qe7 16. Nh4 g6 17. Nf3 Bc6 18. Re1 Bc7 19. Na2 Ne4 20. Bb4 Bd6 21. Bxd6 Qxd6 22. Nc3 Qb4 23. Nxe4 dxe4 24. Ne5 Bd5 25. Nd7 f5 26. Nxf8 Rxf8 27. Rb1 Kg7 28. f3 exf3 29. gxf3 Qd6 30. Qe2 Re8 31. Qg2 Bb7 32. Rbd1 Nc6 33. Qf2 Nb4 34. Bb1 Rf8 35. Qg2 Nd5 36. Qh2 Qe7 37. Qe5+ Kf7 38. f4 Qh4 39. Kh2 Qf2+ 40. Kh1 Nxe3+ 0-1


[Site "https://www.chess.com"]

[Event "Titled Tuesday Blitz April 25 Late 2023"]
[White "Simonovic, Miroslav"]
[Black "Sliwicki, Damian"]
[WhiteFideId "919152"]
[BlackFideId "1127128"]
[WhiteElo "2042"]
[BlackElo "2030"]
[Result "0-1"]
[Round "04"]
[TimeControl "180+2"]
[Date "2023.04.25"]
[WhiteClock "0:00:06"]
[BlackClock "0:00:07"]

1. d4 Nf6 2. Bg5 e6 3. e4 Be7 4. Bd3 h6 5. Bxf6 Bxf6 6. e5 Be7 7. Qg4 O-O 8. h4 d5 9. Rh3 f5 10. exf6 Rxf6 11. Rg3 Qf8 12. Nf3 e5 13. Qh5 e4 14. Qxd5+ Re6 15. Bxe4 c6 16. Qb3 Kh8 17. Nbd2 Qf4 18. Qe3 Qxe3+ 19. fxe3 Nd7 20. Kf2 Nf6 21. Bf5 Rxe3 22. Bxc8 Rxf3+ 23. Rxf3 Rxc8 24. Re1 Bd8 25. g3 Bb6 26. c3 c5 27. dxc5 Rxc5 28. Kg2 Rd5 29. Re2 Ng4 30. Nc4 Bc5 31. Rf4 Nf6 32. Ne3 Re5 33. Kf3 Re8 34. Ng4 Rf8 35. Nxf6 gxf6 36. Re6 Kg7 37. Rf5 b6 38. Rxc5 bxc5 39. Re7+ Kg6 40. Rxa7 Rd8 41. Rb7 Rd2 42. Rb5 c4 43. a4 Rd3+ 44. Kg2 Rd2+ 45. Kh3 Rd1 46. a5 Ra1 47. Rb4 Rxa5 48. Rxc4 Ra2 49. Rb4 Kf5 50. c4 h5 51. Rb5+ Ke4 52. b4 Rc2 53. c5 Rc1 54. Rb6 f5 55. Re6+ Kf3 56. Rf6 Rh1# 0-1


[Site "https://www.chess.com"]

[Event "Titled Tuesday Blitz April 25 Late 2023"]
[White "Rottenwohrer Suarez, Juan"]
[Black "Antonova, Nadezhda"]
[WhiteFideId "32068182"]
[BlackFideId "14700182"]
[WhiteElo "2174"]
[BlackElo "1765"]
[Result "0-1"]
[Round "04"]
[TimeControl "180+2"]
[Date "2023.04.25"]
[WhiteClock "0:00:02"]
[BlackClock "0:00:19"]

1. c4 Nf6 2. d4 g6 3. Nc3 Bg7 4. e4 d6 5. Be2 O-O 6. Be3 Na6 7. h4 h5 8. f3 c5 9. d5 e6 10. Nh3 exd5 11. cxd5 Nc7 12. a4 b6 13. Nf2 a6 14. g4 Bd7 15. f4 hxg4 16. Nxg4 Nh5 17. Kf2 b5 18. axb5 axb5 19. Rxa8 Qxa8 20. f5 b4 21. Nh6+ Kh7 22. Bxh5 Bxh6 23. Nb1 Qa2 24. Bxh6 Kxh6 25. Be2 Qxb2 26. Qd3 Bb5 27. Qe3+ Kg7 28. Nd2 Bxe2 29. Kxe2 Re8 30. h5 Nxd5 31. Qg5 Nc3+ 32. Kd3 Nxe4 33. Nxe4 Qd4+ 34. Ke2 Qxe4+ 35. Kf2 Qxh1 36. f6+ Kh7 37. hxg6+ fxg6 38. f7 Qe1+ 39. Kf3 Qe2+ 40. Kg3 Re3+ 41. Kh4 Qh2+ 0-1


[Site "https://www.chess.com"]

[Event "Titled Tuesday Blitz April 25 Late 2023"]
[White "Mazurkiewicz, Michal"]
[Black "Dahlgren, James Allen"]
[WhiteFideId "1124943"]
[BlackFideId "22256873"]
[WhiteElo "2054"]
[BlackElo "1824"]
[Result "1-0"]
[Round "04"]
[TimeControl "180+2"]
[Date "2023.04.25"]
[WhiteClock "0:00:06"]
[BlackClock "0:00:12"]

1. e4 e6 2. d3 c5 3. Nf3 d5 4. Nbd2 Nf6 5. g3 b5 6. Bg2 c4 7. e5 Nfd7 8. d4 Nc6 9. c3 b4 10. O-O a5 11. Re1 a4 12. a3 bxc3 13. bxc3 Nb6 14. Nf1 Na5 15. Bf4 Nb3 16. Ra2 Be7 17. h4 Ba6 18. Ne3 h6 19. h5 Qc7 20. Ng4 O-O-O 21. Bf1 Na8 22. Nd2 Qd7 23. Ne3 Nc7 24. Nc2 Nb5 25. Qf3 g5 26. Be3 f5 27. exf6 Rdf8 28. Nxc4 Rxf6 29. Nb6+ Kc7 30. Qxf6 Bxf6 31. Nxd7 Kxd7 32. Nb4 Nxc3 33. Rc2 Bxf1 34. Kxf1 Nb5 35. Rc6 Ra8 36. Rb6 Nxa3 37. Na6 Nc4 38. Rb7+ Kc6 39. Rf7 Bxd4 40. Nb4+ Kc5 41. Nd3+ Kd6 42. Bxd4 Nxd4 43. Rf6 a3 44. Rxh6 a2 45. Rg6 a1=Q 46. Rxa1 Rxa1+ 47. Kg2 Ne5 48. Nxe5 Kxe5 49. h6 Kf5 50. h7 Kxg6 51. h8=Q Rd1 52. Qe5 Rd2 53. g4 Rd1 54. Qh2 Kf6 55. Qh6+ Kf7 56. Qxg5 Ke8 57. Qf4 Kd7 58. g5 Nf5 59. Qa4+ 1-0


[Site "https://www.chess.com"]

[Event "Titled Tuesday Blitz April 25 Late 2023"]
[White "Fernandez, Maria Florencia"]
[Black "Capp, Stephen"]
[WhiteFideId "116459"]
[BlackFideId "2027089"]
[WhiteElo "2120"]
[BlackElo "1920"]
[Result "1-0"]
[Round "04"]
[TimeControl "180+2"]
[Date "2023.04.25"]
[WhiteClock "0:00:03"]
[BlackClock "0:00:03"]

1. d4 Nf6 2. c4 e6 3. Nc3 Bb4 4. a3 Bxc3+ 5. bxc3 c5 6. Nf3 O-O 7. e3 d6 8. Be2 Nc6 9. O-O e5 10. Qc2 b6 11. Bb2 Ba6 12. Rad1 Qe7 13. Nh4 Na5 14. Nf5 Qe6 15. dxe5 Qxe5 16. Nxd6 Rad8 17. Nb5 Bb7 18. Nxa7 Qg5 19. g3 Qh6 20. Qf5 Ra8 21. Nb5 Nc6 22. Nd6 Ne7 23. Qf4 Qxf4 24. exf4 Ba6 25. Bf3 Rad8 26. Rfe1 Nc8 27. Nxc8 Bxc8 28. Bd5 Ba6 29. Bc1 g6 30. h3 Nd7 31. g4 Nf6 32. g5 Nxd5 33. cxd5 Rd6 34. Kg2 Bc4 35. Re5 f6 36. gxf6 Rfxf6 37. Kg3 Rf5 38. Rxf5 gxf5 39. Re1 Rxd5 40. Re8+ Kf7 41. Rb8 Rd3+ 42. Be3 Rxc3 43. Rxb6 Rxa3 44. Rc6 Rc3 45. Rxc5 Rc2 46. Rxf5+ Kg6 47. Rg5+ Kf6 48. Bd4+ Ke6 49. Re5+ Kd6 50. Rh5 Bd5 51. Rh6+ 1-0


[Site "https://www.chess.com"]

[Event "Titled Tuesday Blitz April 25 Late 2023"]
[White "Osmonbekov, Talaibek"]
[Black "Melikhov, Evgeny V."]
[WhiteFideId "2017253"]
[BlackFideId "4122046"]
[WhiteElo "2135"]
[BlackElo "2158"]
[Result "1/2-1/2"]
[Round "04"]
[TimeControl "180+2"]
[Date "2023.04.25"]
[WhiteClock "0:00:14"]
[BlackClock "0:00:19"]

1. d4 Nf6 2. Bf4 d5 3. Nc3 c5 4. e3 cxd4 5. exd4 a6 6. Nf3 Bg4 7. h3 Bxf3 8. Qxf3 e6 9. O-O-O Nc6 10. g4 Bd6 11. g5 Bxf4+ 12. Qxf4 Nh5 13. Qg4 g6 14. h4 Qd6 15. Bh3 Qf4+ 16. Qxf4 Nxf4 17. Bg4 h6 18. Bf3 Ke7 19. Na4 b5 20. Nc5 Kd6 21. c3 a5 22. b3 Kc7 23. Kd2 Nh5 24. Bxh5 gxh5 25. Rhg1 hxg5 26. Rxg5 Rag8 27. Rdg1 Ne7 28. Rxg8 Rxg8 29. Rxg8 Nxg8 30. Ke3 Nf6 31. Kf4 b4 32. cxb4 axb4 33. Na6+ Kd6 34. Nxb4 Ne4 35. f3 Nd2 36. Nd3 f6 37. Nc5 e5+ 38. Kf5 Nxf3 39. Kxf6 Nxd4 40. Nb7+ Kc7 41. Kxe5 Nc6+ 42. Kxd5 Kxb7 43. Ke4 Nb4 44. Kf5 Nxa2 45. Kg5 Nc3 46. Kxh5 Ne4 47. Kg6 Ng3 48. h5 Nxh5 49. Kxh5 Kb6 50. Kg4 Kb5 51. Kf3 Kb4 52. Ke2 Kxb3 1/2-1/2


[Site "https://www.chess.com"]

[Event "Titled Tuesday Blitz April 25 Late 2023"]
[White "Romero Ruscalleda, Josep"]
[Black "Mickiewicz, Piotr"]
[WhiteFideId "2231859"]
[BlackFideId "1114891"]
[WhiteElo "2183"]
[BlackElo "2246"]
[Result "1-0"]
[Round "04"]
[TimeControl "180+2"]
[Date "2023.04.25"]
[WhiteClock "0:02:15"]
[BlackClock "0:02:18"]

1. e4 e5 2. Nf3 Nf6 3. Nxe5 d6 4. Nf3 Nxe4 5. Nc3 Nxc3 6. dxc3 Be7 7. Bf4 Nc6 8. Qd2 Be6 9. O-O-O Qd7 10. Kb1 h6 11. Be2 a6 12. Rhe1 O-O-O 13. Nd4 Nxd4 14. cxd4 d5 15. Qa5 Rde8 16. Rd3 Qb5 17. Qxc7# 1-0


[Site "https://www.chess.com"]

[Event "Titled Tuesday Blitz April 25 Late 2023"]
[White "Sailer, Mike"]
[Black "Papp, Petra"]
[WhiteFideId "2012901"]
[BlackFideId "739049"]
[WhiteElo "2109"]
[BlackElo "2259"]
[Result "1-0"]
[Round "04"]
[TimeControl "180+2"]
[Date "2023.04.25"]
[WhiteClock "0:00:12"]
[BlackClock "0:00:01"]

1. d4 Nf6 2. Bg5 c5 3. Bxf6 gxf6 4. Nc3 cxd4 5. Qxd4 Nc6 6. Qh4 f5 7. Nf3 Bg7 8. e3 d6 9. Bc4 Qb6 10. O-O Bd7 11. Nd5 Qd8 12. Ng5 e6 13. Qh5 Ne5 14. Nf4 d5 15. Nfxe6 Bxe6 16. Nxe6 Qf6 17. Nc7+ Kd7 18. Nxd5 Qg6 19. Qe2 Rhg8 20. Rad1 Ke8 21. Nc7+ Ke7 22. g3 Rac8 23. Nd5+ Kf8 24. Bb3 h5 25. Qb5 Qc6 26. Qb4+ Qc5 27. Qxb7 h4 28. Nf4 Qc7 29. Qb4+ Qc5 30. Qxc5+ Rxc5 31. Rd8+ Ke7 32. Rxg8 Bf6 33. Ra8 Bg5 34. Rxa7+ Kf6 35. Nd5+ Kg7 36. f4 Nc6 37. Rc7 Bd8 38. Rc8 hxg3 39. hxg3 Kh7 40. Ba4 Rxd5 41. Bxc6 Rd2 42. Rf2 Rd1+ 43. Kg2 Bb6 44. Kf3 Re1 45. Re8 Kg6 46. a4 Rb1 47. b3 Rc1 48. c4 Bc5 49. a5 Kf6 50. a6 Ra1 51. Bb5 Ra3 52. Ba4 1-0


[Site "https://www.chess.com"]

[Event "Titled Tuesday Blitz April 25 Late 2023"]
[White "Olsson, William"]
[Black "Oliveira, Tiago Batista"]
[WhiteFideId "1741721"]
[BlackFideId "2108291"]
[WhiteElo "2197"]
[BlackElo "1962"]
[Result "1-0"]
[Round "04"]
[TimeControl "180+2"]
[Date "2023.04.25"]
[WhiteClock "0:00:16"]
[BlackClock "0:00:05"]

1. c4 Nf6 2. g3 g6 3. Bg2 Bg7 4. Nc3 c5 5. Nf3 O-O 6. O-O Nc6 7. a3 d6 8. Rb1 Rb8 9. b4 cxb4 10. axb4 Ne8 11. d4 a5 12. b5 Nb4 13. Ba3 Be6 14. Bxb4 axb4 15. Rxb4 Qa5 16. Qb3 Rc8 17. b6 Qa6 18. Ra4 Bxc4 19. Qb4 Bxe2 20. Rxa6 Bxa6 21. Nd5 Bf6 22. Ra1 Rc4 23. Nxf6+ Nxf6 24. Qb3 Rfc8 25. Qe3 Nd5 26. Qe1 Nb4 27. Bf1 Nc2 28. Qd1 Rc3 29. Bxa6 1-0


[Site "https://www.chess.com"]

[Event "Titled Tuesday Blitz April 25 Late 2023"]
[White "Toma, Katarzyna"]
[Black "Dzida, Kamil"]
[WhiteFideId "1119907"]
[BlackFideId "21828652"]
[WhiteElo "2149"]
[BlackElo "2139"]
[Result "0-1"]
[Round "04"]
[TimeControl "180+2"]
[Date "2023.04.25"]
[WhiteClock "0:00:04"]
[BlackClock "0:01:15"]

1. d4 Nf6 2. Nf3 e6 3. Bg5 b6 4. Nc3 Bb7 5. Qd2 Bb4 6. a3 Bxc3 7. Qxc3 d6 8. e3 Nbd7 9. Bd3 h6 10. Bxf6 Nxf6 11. O-O-O Qe7 12. Rhg1 O-O-O 13. Nd2 Ng8 14. a4 a5 15. Be4 Nf6 16. Bxb7+ Kxb7 17. Qb3 d5 18. Kb1 Qb4 19. Qxb4 axb4 20. Nb3 Ra8 21. a5 bxa5 22. Nc5+ Kc6 23. c3 Rhb8 24. Kc2 Nd7 25. cxb4 axb4 26. Nb3 Kb5 27. Rc1 c5 28. dxc5 Nxc5 29. Nxc5 Kxc5 30. Kb3+ Kb6 31. Kxb4 Ka6+ 32. Kc3 Rc8+ 33. Kd2 Kb5 34. Rxc8 Rxc8 35. Ra1 Rc7 36. Ra3 Kb4 37. f3 f5 38. f4 g5 39. fxg5 hxg5 40. h3 Rc6 41. Ra7 Rb6 42. Ra3 e5 43. Kc2 Rc6+ 44. Kd2 f4 45. exf4 gxf4 46. Ra7 Rg6 47. Rb7+ Kc5 48. Kd3 Rg3+ 0-1


[Site "https://www.chess.com"]

[Event "Titled Tuesday Blitz April 25 Late 2023"]
[White "Bashkansky, Ethan"]
[Black "Delorme, Alban"]
[WhiteFideId "2071533"]
[BlackFideId "623636"]
[WhiteElo "2101"]
[BlackElo "2196"]
[Result "1-0"]
[Round "04"]
[TimeControl "180+2"]
[Date "2023.04.25"]
[WhiteClock "0:01:22"]
[BlackClock "0:00:02"]

1. d4 Nf6 2. c4 g6 3. Nc3 Bg7 4. e4 d6 5. f3 O-O 6. Be3 e5 7. d5 a5 8. Bd3 Na6 9. Nge2 Nc5 10. Bc2 Nfd7 11. O-O f5 12. exf5 gxf5 13. f4 exf4 14. Bxf4 Ne5 15. b3 Ng6 16. Be3 f4 17. Bd4 Bg4 18. Bxg7 Kxg7 19. h3 Bh5 20. Qd4+ Qf6 21. Qxf6+ Rxf6 22. Bxg6 Bxg6 23. Nxf4 Raf8 24. Nxg6 hxg6 25. Nb5 c6 26. dxc6 bxc6 27. Nd4 Ne4 28. Nxc6 Rc8 29. Ne7 1-0


[Site "https://www.chess.com"]

[Event "Titled Tuesday Blitz April 25 Late 2023"]
[White "Ricaurte Lopez, Juan Carlos"]
[Black "Hoffmann, Asa"]
[WhiteFideId "3600327"]
[BlackFideId "2001470"]
[WhiteElo "2200"]
[BlackElo "2117"]
[Result "0-1"]
[Round "04"]
[TimeControl "180+2"]
[Date "2023.04.25"]
[WhiteClock "0:00:19"]
[BlackClock "0:01:24"]

1. e4 d6 2. d4 Nf6 3. Nc3 c6 4. Bg5 Nbd7 5. Qd2 e5 6. O-O-O Qa5 7. dxe5 dxe5 8. Bc4 Bb4 9. f3 Bxc3 10. Qxc3 Qxc3 11. bxc3 Ke7 12. Ne2 Nb6 13. Bb3 a5 14. a3 a4 15. Ba2 Be6 16. Bxe6 Kxe6 17. Rd3 Rhd8 18. Kb1 Nc4 19. Bc1 Rd6 20. Rxd6+ Kxd6 21. Rd1+ Kc7 22. Ng3 g6 23. Ka2 Nd7 24. Bh6 f6 25. h4 Ra5 26. Nf1 Rb5 27. Ne3 Rb2+ 28. Ka1 Nxe3 29. Bxe3 Rxc2 30. Bd2 Nc5 31. Kb1 Rxd2 32. Rxd2 b5 33. Kb2 Nb7 34. c4 Nd6 35. cxb5 Nc4+ 36. Kc3 Nxd2 37. bxc6 Nb3 38. Kb4 Kxc6 39. Kxa4 Nd4 40. Kb4 Kb6 41. a4 Nc2+ 42. Kc4 Ne3+ 43. Kb4 Nxg2 44. a5+ Ka6 45. Kc5 Nxh4 46. Kd6 Nxf3 47. Ke6 h5 0-1


[Site "https://www.chess.com"]

[Event "Titled Tuesday Blitz April 25 Late 2023"]
[White "Liu, Casper"]
[Black "Fuentes Godoy, Lilia Ivonne"]
[WhiteFideId "1454153"]
[BlackFideId "5104130"]
[WhiteElo "2221"]
[BlackElo "2096"]
[Result "1-0"]
[Round "04"]
[TimeControl "180+2"]
[Date "2023.04.25"]
[WhiteClock "0:00:26"]
[BlackClock "0:00:01"]

1. e4 c6 2. d4 d5 3. Nc3 dxe4 4. Nxe4 Bf5 5. Ng3 Bg6 6. Nh3 e6 7. Nf4 Bd6 8. c3 Qc7 9. Nxg6 hxg6 10. Bd3 Nf6 11. O-O Nbd7 12. Re1 O-O-O 13. Qf3 c5 14. dxc5 Nxc5 15. Bc2 e5 16. Bg5 e4 17. Qe2 Rde8 18. Rad1 Bf4 19. Bxf4 Qxf4 20. Qc4 Qc7 21. h3 e3 22. Rxe3 Rxe3 23. fxe3 Qxg3 24. Qxc5+ Kb8 25. Qd6+ Qxd6 26. Rxd6 Kc7 27. Rd4 Re8 28. Kf2 Re6 29. Bb3 Re7 30. Kf3 Nd7 31. g4 Ne5+ 32. Ke2 g5 33. Bd5 f6 34. c4 Re8 35. b4 Rh8 36. Bg2 Ng6 37. a4 Re8 38. a5 Nf4+ 39. Kf3 Nxg2 40. Kxg2 Rxe3 41. Rd5 Rc3 42. Rc5+ Kd6 43. Rb5 Rxc4 44. Rxb7 Rc2+ 45. Kf3 Rc3+ 46. Ke4 Rxh3 47. Rxa7 Rb3 48. Rb7 Kc6 49. a6 Ra3 50. b5+ Kc5 51. a7 Ra4+ 52. Kf5 Kd6 53. b6 1-0


[Site "https://www.chess.com"]

[Event "Titled Tuesday Blitz April 25 Late 2023"]
[White "Skaric, Djuro"]
[Black "Moral Garcia, Serafin"]
[WhiteFideId "934569"]
[BlackFideId "2201925"]
[WhiteElo "2282"]
[BlackElo "2274"]
[Result "0-1"]
[Round "04"]
[TimeControl "180+2"]
[Date "2023.04.25"]
[WhiteClock "0:00:36"]
[BlackClock "0:01:14"]

1. g3 e5 2. Bg2 Nf6 3. d3 c6 4. Nf3 d6 5. O-O Be7 6. h3 O-O 7. Nc3 Be6 8. e4 Ne8 9. Nd2 Nd7 10. f4 exf4 11. gxf4 f5 12. Nf3 h6 13. Be3 Nef6 14. Qd2 d5 15. e5 Ne8 16. Nd4 Nc7 17. Nxe6 Nxe6 18. d4 Nb6 19. b3 Kh7 20. a3 Qe8 21. Kh2 Rg8 22. Rf3 Qh5 23. Rg1 Raf8 24. Nb1 g5 25. fxg5 hxg5 26. Qd1 f4 27. Bd2 g4 28. Rff1 f3 29. Be3 fxg2 30. Rxg2 Qxh3+ 31. Kg1 Qxe3+ 32. Kh1 Qxd4 33. Rh2+ Kg7 34. Nd2 Rxf1+ 35. Qxf1 Rh8 36. Rxh8 Kxh8 37. Qf7 Qxd2 38. Qxe6 Qd1+ 39. Kh2 Qxc2+ 40. Kg3 Qh7 41. a4 Qh3+ 42. Kf2 Bc5+ 43. Ke2 Qf3+ 44. Kd2 Be3+ 45. Kc2 Qe2+ 46. Kb1 Qd1+ 47. Kb2 Bd4+ 48. Ka3 Qc1+ 49. Kb4 Qc5# 0-1


[Site "https://www.chess.com"]

[Event "Titled Tuesday Blitz April 25 Late 2023"]
[White "Meduri, Aakaash"]
[Black "Eidelman, Gabriel"]
[WhiteFideId "2032252"]
[BlackFideId "30910544"]
[WhiteElo "2113"]
[BlackElo "2209"]
[Result "0-1"]
[Round "04"]
[TimeControl "180+2"]
[Date "2023.04.25"]
[WhiteClock "0:00:09"]
[BlackClock "0:00:09"]

1. b3 e5 2. Bb2 Nc6 3. c4 Nf6 4. e3 d5 5. Nf3 d4 6. exd4 exd4 7. Bd3 Bc5 8. O-O O-O 9. a3 a5 10. h3 Re8 11. Qc2 h6 12. Bf5 Qd6 13. Bxc8 Raxc8 14. d3 Re7 15. Nbd2 Re2 16. Rae1 Rce8 17. Rxe2 Rxe2 18. Qd1 Re7 19. a4 Nb4 20. Ne4 Nxe4 21. dxe4 Rxe4 22. Nd2 Re7 23. Qf3 Qc6 24. Qg4 Qd7 25. Qf3 Nc6 26. Ne4 Bb4 27. Rd1 Qe6 28. Ng3 Bc5 29. Nf5 Re8 30. Qg4 Qg6 31. Qf4 Re5 32. Nxd4 Re4 33. Qxc7 Bxd4 34. Bxd4 Rxd4 35. Rxd4 Nxd4 36. Qd8+ Kh7 37. Qxd4 Qb1+ 38. Kh2 Qxb3 39. Qe4+ g6 40. c5 Qb4 41. Qe7 Kg7 42. Qc7 Qb3 43. Qe5+ Kg8 44. Qe8+ Kg7 45. Qe5+ Kg8 46. g3 Qb1 47. Qb8+ Kg7 48. c6 Qc2 49. Qe5+ Kg8 50. Kg1 Qxc6 51. Qxa5 Kg7 52. Qe5+ Kg8 53. a5 Qc1+ 54. Kg2 Qc6+ 55. Kh2 Qc2 56. Qd4 Qc6 57. h4 Kh7 58. Kg1 h5 59. Qd8 Kg7 60. Kf1 Qc4+ 61. Kg1 Qc6 62. Qd4+ Kg8 63. Qb4 Kg7 64. Kh2 Qf3 65. Qd4+ Kg8 66. Kg1 Qc6 67. Kf1 Kh7 68. Qb4 Qa6+ 69. Ke1 Qe6+ 70. Kd2 Qd5+ 71. Ke3 Qc6 72. Kd3 Kg7 73. Qd4+ Kh7 74. Ke3 Qe6+ 75. Kf3 Qc6+ 76. Kf4 Qc7+ 77. Kg5 Qxa5+ 78. Kf6 Qf5+ 79. Ke7 Qe6+ 80. Kf8 f6 81. Qd8 Qg8+ 82. Ke7 Qxd8+ 83. Kxd8 b5 0-1


[Site "https://www.chess.com"]

[Event "Titled Tuesday Blitz April 25 Late 2023"]
[White "Coelho, Ramyres Santana"]
[Black "Alexikov, Alexander"]
[WhiteFideId "2120690"]
[BlackFideId "14103958"]
[WhiteElo "1888"]
[BlackElo "2186"]
[Result "1-0"]
[Round "04"]
[TimeControl "180+2"]
[Date "2023.04.25"]
[WhiteClock "0:00:22"]
[BlackClock "0:00:11"]

1. e4 c5 2. Nf3 d6 3. d4 cxd4 4. Nxd4 Nf6 5. Nc3 a6 6. f3 e6 7. Be3 b5 8. Qd2 Nbd7 9. Nc6 Qc7 10. Nd4 Bb7 11. O-O-O b4 12. Nce2 d5 13. exd5 Nxd5 14. Ng3 Bd6 15. Ne4 Be5 16. Kb1 O-O 17. Bd3 Rab8 18. Ng5 g6 19. h4 Nc3+ 20. Ka1 Bd5 21. Nb3 Nxd1 22. Qxd1 a5 23. h5 a4 24. hxg6 hxg6 25. f4 Bg7 26. Rh7 axb3 27. Qh1 e5 28. Rh8+ 1-0


[Site "https://www.chess.com"]

[Event "Titled Tuesday Blitz April 25 Late 2023"]
[White "Srinath, Rao S.V."]
[Black "yoriiiis"]
[WhiteFideId "5028876"]
[WhiteElo "2196"]
[BlackElo "2127"]
[Result "1-0"]
[Round "04"]
[TimeControl "180+2"]
[Date "2023.04.25"]
[WhiteClock "0:00:10"]
[BlackClock "0:00:09"]

1. e4 c5 2. Nf3 e6 3. c4 Nc6 4. d4 cxd4 5. Nxd4 Nf6 6. Nc3 a6 7. Be2 Qc7 8. O-O Be7 9. Be3 O-O 10. Rc1 d6 11. f3 b6 12. Ncb5 Qd7 13. Nxc6 Qxc6 14. Nd4 Qd7 15. Qb3 Rb8 16. Rfd1 Qb7 17. Qc2 Bd7 18. b4 Rfc8 19. Qd3 Ba4 20. Nb3 Rc7 21. Bf4 Rd7 22. Qc3 Rc8 23. Qb2 Ne8 24. Be3 Rdd8 25. Bd4 Bf6 26. Bxf6 Nxf6 27. Rd2 Nd7 28. Rcd1 Ne5 29. Rxd6 Rxd6 30. Rxd6 Qc7 31. Qxe5 b5 32. c5 Bxb3 33. axb3 a5 34. Qd4 axb4 35. Qxb4 h6 36. Qxb5 Rb8 37. Qc6 Qxc6 38. Rxc6 Rxb3 39. Rc8+ Kh7 40. Kf2 Rc3 41. c6 Rc2 42. c7 Rc3 43. Kg3 Rc2 44. Bd3 Rc3 45. Ba6 Rc6 46. Bb7 Rc3 47. Kf4 Kg6 48. Ke5 Rc5+ 49. Kd6 Rc2 50. Rd8 Rd2+ 51. Ke7 Rb2 52. c8=Q 1-0


[Site "https://www.chess.com"]